 Dungeon Crawl Stone Soup version 0.21.1-1-g345015fe64 (webtiles) character file.

6643 Beodren the Carver (level 10, -9/91 HPs)
             Began as a Minotaur Fighter on Apr 22, 2018.
             Was a Follower of the Shining One.
             Mangled by a komodo dragon (18 damage)
             ... on level 1 of the Lair of Beasts.
             The game lasted 00:50:45 (10977 turns).

Beodren the Carver (Minotaur Fighter)              Turns: 10977, Time: 00:50:46

Health: -9/91      AC: 12    Str: 22    XL:     10   Next: 72%
Magic:  9/9        EV:  7    Int:  7    God:    the Shining One [*.....]
Gold:   388        SH: 12    Dex: 10    Spells: 9/9 levels left

rFire    . . .     SeeInvis .   a - +2 long sword
rCold    + . .     Gourm    .   F - +0 shield
rNeg     . . .     Faith    .   C - +0 chain mail
rPois    +         Spirit   .   (helmet restricted)
rElec    .         Reflect  .   (no cloak)
rCorr    .         Harm     .   (no gloves)
MR       .....                  y - +0 pair of boots
Stlth    ..........             (no amulet)
HPRegen  0.25/turn              K - ring of poison resistance
MPRegen  0.11/turn              o - ring of protection from cold

@: glowing
A: retaliatory headbutt, horns 2
a: Renounce Religion


You were on level 1 of the Lair of Beasts.
You worshipped the Shining One.
The Shining One was aware of your devotion.
You were not hungry.

You visited 3 branches of the dungeon, and saw 12 of its levels.

You collected 563 gold pieces.
You spent 175 gold pieces at shops.

Inventory:

Hand Weapons
 a - a +2 long sword (weapon)
 g - a +0 whip
 s - a +0 falchion
 D - the +2 trident "Moicilu" {pierce, rN+, unknown}
   (You found it on level 7 of the Dungeon)

   It inflicts extra damage upon your enemies.
   It protects you from negative energy.
 E - a +0 long sword of draining
 I - a +1 dire flail of protection
Missiles
 l - 5 needles of confusion
 u - 7 tomahawks (quivered)
 A - 5 silver tomahawks
 B - 7 tomahawks of dispersal
Armour
 b - a +0 scale mail
 c - a +0 shield
 q - a +0 shield
 y - a +0 pair of boots (worn)
 C - a +0 chain mail (worn)
 F - a +0 shield (worn)
Jewellery
 h - an uncursed ring of wizardry
 o - a ring of protection from cold (right hand)
 K - a ring of poison resistance (left hand)
Scrolls
 j - 5 scrolls of identify
 k - 2 scrolls of remove curse
 m - 3 scrolls of teleportation
 p - 3 scrolls of amnesia {unknown}
 r - 3 scrolls of enchant armour {unknown}
 w - a scroll of blinking {unknown}
 G - a scroll of vulnerability {unknown}
 H - a scroll of brand weapon {unknown}
 J - a scroll of fog {unknown}
 L - a scroll of fear {unknown}
Potions
 d - 3 potions of might
 e - a potion of haste
 i - a potion of resistance {unknown}
 n - 2 potions of lignification {unknown}
 t - 3 potions of curing
 v - a potion of heal wounds
 x - 2 potions of mutation {unknown}
 z - 3 potions of brilliance {unknown}
Comestibles
 f - 9 rations


   Skills:
 * Level 9.2 Fighting
 * Level 12.4 Long Blades
 + Level 8.7 Armour
 + Level 0.7 Stealth
 * Level 10.3 Shields


You had 9 spell levels left.
You didn't know any spells.

Dungeon Overview and Level Annotations

Branches:
Dungeon (10/15)            Temple (1/1) D:6            Lair (1/6) D:8
    Orc: D:9-12

Altars:
Ashenzari
Cheibriados
Elyvilon
Fedhas
Makhleb
Nemelex Xobeh
Qazlal
Ru
Sif Muna
Trog
Uskayaw
Vehumet
Wu Jian
Yredelemnul
Zin
The Shining One

Shops:
D:7 **   D:8 *


Innate Abilities, Weirdness & Mutations

You reflexively headbutt those who attack you in melee.
You have a pair of horns on your head.


Message History

You block the komodo dragon's attack.
Your shield and chain mail prevent you from hitting the komodo dragon.
The komodo dragon is heavily wounded.
You block the komodo dragon's attack.
You hit the komodo dragon but do no damage.
The komodo dragon is heavily wounded.
The komodo dragon bites you!
You hit the komodo dragon.
The komodo dragon is heavily wounded.
The komodo dragon bites you!
You hit the komodo dragon but do no damage.
The komodo dragon is heavily wounded.
The komodo dragon bites you!!
* * * LOW HITPOINT WARNING * * *
You slash the komodo dragon!
The komodo dragon is almost dead.
You hit the komodo dragon but do no damage.
The komodo dragon is almost dead.
The komodo dragon bites you!!
You die...

.# P.. ....
♣P... ###
♣P...##.####
♣...l@....#
♣...#.##P.##
.P.P.
#####..#
.... #^.## #
..# ##.###.#
. #......#
####...#..##
#..>......P#
#.##...#####


You could see a komodo dragon.

Vanquished Creatures
  A two-headed ogre (D:8)
  Nergalle (Lair:1)
  Pikel (D:4)
  Joseph (D:8)
  2 spiny frogs (Lair:1)
  A komodo dragon (D:8)
  A troll (D:8)
  5 yaks (Lair:1)
  Duvessa (D:7)
  A sky beast (D:5)
  An ice beast (D:5)
  2 orc warriors
  A black bear (D:7)
  A necrophage (D:6)
  A phantom (D:4)
  An ogre (D:5)
  A wolf (Lair:1)
  3 centaurs
  2 big kobolds
  3 bullfrogs
  Dowan (D:7)
  2 scorpions
  5 killer bees (D:9)
  A howler monkey (D:7)
  2 crimson imps (D:8)
  A centaur zombie (D:6)
  A hound (D:5)
  2 jellies
  2 bullfrog skeletons
  A centaur skeleton (D:3)
  4 orc priests
  Jessica (D:2)
  7 orc wizards
  7 worker ants
  A killer bee zombie (D:8)
  A hound skeleton (D:6)
  2 howler monkey skeletons
  3 adders
  An ooze (D:2)
  An adder skeleton (D:5)
  3 worms
  3 dart slugs
  7 leopard geckos
  33 orcs
  7 bats
  2 giant cockroaches
  11 goblins
  8 hobgoblins
  15 jackals
  4 quokkas
  6 frilled lizards
  13 kobolds
  A leopard gecko skeleton (D:9)
  6 rats
  A fungus (Lair:1)
197 creatures vanquished.

Vanquished Creatures (others)
  15 bushes (Lair:1)
  A fungus (Lair:1)
  32 plants
48 creatures vanquished.

Grand Total: 245 creatures vanquished

Notes
Turn   | Place    | Note
-------+----------+-------------------------------------------
     0 | D:1      | Beodren the Minotaur Fighter began the quest for the Orb.
     0 | D:1      | Reached XP level 1. HP: 19/19 MP: 0/0
   264 | D:1      | Reached XP level 2. HP: 27/27 MP: 1/1
  1209 | D:2      | Reached XP level 3. HP: 33/33 MP: 2/2
  1254 | D:2      | Noticed Jessica
  1257 | D:2      | Killed Jessica
  1257 | D:2      | Reached skill level 3 in Long Blades
  1524 | D:2      | Reached XP level 4. HP: 28/40 MP: 3/3
  1600 | D:2      | Found a radiant altar of Vehumet.
  1600 | D:2      | Found a sacrificial altar of Ru.
  1608 | D:2      | Found a shattered altar of Ashenzari.
  1613 | D:2      | Found a snail-covered altar of Cheibriados.
  1615 | D:2      | Found an ornate altar of the Wu Jian Council.
  2207 | D:3      | Reached skill level 4 in Long Blades
  2207 | D:3      | Reached XP level 5. HP: 25/46 MP: 4/4
  2275 | D:3      | Reached skill level 5 in Shields
  3208 | D:4      | Noticed a phantom
  3245 | D:4      | Killed a phantom
  3245 | D:4      | Reached skill level 5 in Long Blades
  3245 | D:4      | Reached XP level 6. HP: 22/53 MP: 5/5
  3334 | D:4      | Found a sparkling altar of Nemelex Xobeh.
  3443 | D:4      | HP: 2/53 [poisoned by a scorpion]
  4606 | D:4      | Noticed a slave
  4606 | D:4      | Noticed a slave
  4607 | D:4      | Noticed Pikel
  4607 | D:4      | Noticed a slave
  4608 | D:4      | Noticed a slave
  4622 | D:4      | Killed Pikel
  4622 | D:4      | Reached skill level 5 in Fighting
  4622 | D:4      | Reached skill level 7 in Long Blades
  4622 | D:4      | Reached skill level 5 in Armour
  4622 | D:4      | Reached XP level 7. HP: 37/62 MP: 6/6
  5205 | D:5      | Entered Level 5 of the Dungeon
  5222 | D:5      | Reached XP level 8. HP: 55/70 MP: 7/7
  5285 | D:5      | Reached skill level 8 in Long Blades
  5467 | D:5      | Got a polished ring mail
  5488 | D:5      | Found a blossoming altar of Fedhas.
  5986 | D:6      | Found a staircase to the Ecumenical Temple.
  6042 | Temple   | Entered the Ecumenical Temple
  6064 | Temple   | Became a worshipper of the Shining One
  6232 | D:6      | Found a hide-covered altar of Uskayaw.
  6232 | D:6      | Found a stormy altar of Qazlal.
  6311 | D:6      | Reached skill level 9 in Long Blades
  6660 | D:6      | Found a snail-covered altar of Cheibriados.
  7020 | D:7      | Found Lygiv's General Store.
  7037 | D:7      | Noticed Duvessa
  7037 | D:7      | Noticed Dowan
  7052 | D:7      | Killed Duvessa
  7060 | D:7      | Killed Dowan
  7060 | D:7      | Reached XP level 9. HP: 69/78 MP: 8/8
  7078 | D:7      | Found a hide-covered altar of Uskayaw.
  7085 | D:7      | Got a translucent trident
  7187 | D:7      | Bought a scroll of enchant weapon for 105 gold pieces
  7187 | D:7      | Bought a ration for 70 gold pieces
  7293 | D:7      | Found Jecw's Assorted Antiques.
  7714 | D:7      | You fall through a shaft for 3 floors!
  7714 | D:10     | Entered Level 10 of the Dungeon
  7795 | D:9      | Reached skill level 10 in Long Blades
  8198 | D:8      | Noticed a two-headed ogre
  8211 | D:8      | Killed a two-headed ogre
  8223 | D:8      | Found a radiant altar of Vehumet.
  8514 | D:8      | Noticed Joseph
  8555 | D:8      | Killed Joseph
  8555 | D:8      | Reached skill level 11 in Long Blades
  9152 | D:8      | Noticed a troll
  9166 | D:8      | Killed a troll
  9166 | D:8      | Reached XP level 10. HP: 39/88 MP: 9/9
  9500 | D:8      | Found a staircase to the Lair.
  9558 | D:8      | Found Bine's Island Escapes.
  9607 | D:8      | Reached * piety under the Shining One
 10223 | Lair:1   | Entered Level 1 of the Lair of Beasts
 10267 | Lair:1   | Noticed Nergalle
 10301 | Lair:1   | Killed Nergalle
 10537 | Lair:1   | Noticed a spiny frog
 10539 | Lair:1   | Noticed a spiny frog
 10554 | Lair:1   | Killed a spiny frog
 10554 | Lair:1   | Reached skill level 12 in Long Blades
 10563 | Lair:1   | Killed a spiny frog
 10563 | Lair:1   | Reached skill level 10 in Shields
 10977 | Lair:1   | Mangled by a komodo dragon

Skill      XL: |  1  2  3  4  5  6  7  8  9 10 |
---------------+-------------------------------+-----
Shields        | 4 5 6 7 9 10 | 10.3
Fighting       | 4 5 6 8 9 |  9.2
Armour         | 4 5 6 7 8 |  8.7
Long Blades    | 3 4 5 7 9 11 12 | 12.4
Stealth        | |  0.7

Action                   |  1- 3 |  4- 6 |  7- 9 | 10-12 || total
-------------------------+-------+-------+-------+-------++-------
Melee: Long sword        |    72 |   156 |   309 |   138 ||   675
       Headbutt          |     4 |    26 |    58 |    26 ||   114
  Use: Scroll            |     1 |     3 |     4 |       ||     8
       Potion            |       |       |     1 |     1 ||     2
  Eat: Ration            |     1 |     3 |     4 |     2 ||    10
       Chunk             |       |       |       |     1 ||     1
Armor: Scale mail        |    37 |    55 |    15 |       ||   107
       Chain mail        |       |       |   118 |    43 ||   161
Dodge: Dodged            |    23 |    49 |    57 |    24 ||   153
Block: Shield            |    40 |    76 |   160 |    72 ||   348
       Rpst.: Long sword |     8 |    15 |    14 |     8 ||    45
